 Dungeon Crawl Stone Soup version 0.20-a0-959-gdc9e609 (webtiles) character file.

9502 Hybris the Summoner (level 11, -5/57 HPs)
             Began as a Deep Elf Summoner on Apr 6, 2017.
             Was an Elder of Hepliaklqana.
             Killed from afar by a deep elf mage (19 damage)
             ... with a bolt of negative energy
             ... on level 12 of the Dungeon.
             The game lasted 01:12:49 (15541 turns).

Hybris the Summoner (Deep Elf Summoner)            Turns: 15541, Time: 01:12:50

Health: -5/57      AC: 12    Str: 11    XL:     11   Next: 23%
Magic:  14/26      EV: 16    Int: 24    God:    Hepliaklqana [****..]
Gold:   468        SH:  0    Dex: 15    Spells: 3/29 levels left

rFire    x . .     SeeInvis +   L - +1 long sword (freeze)
rCold    . . .     Gourm    .   (no shield)
rNeg     . . .     Faith    .   H - +2 animal skin
rPois    +         Spirit   .   m - +0 helmet
rElec    .         Reflect  .   w - +0 cloak
rCorr    .         Harm     .   C - +0 pair of gloves
MR       +....                  l - +2 pair of boots
Stlth    +++.......             s - amulet of rage
Regen    0.2/turn               B - ring "Poraeh" {Wiz rPois rF- Str+6 Stlth+}
MPRegen  0.2/turn               q - ring of see invisible

@: drained
A: reduced essence
a: Recall Ancestor, Ancestor Identity, Transference, Idealise, Renounce
Religion, Evoke Berserk Rage


You were on level 12 of the Dungeon.
You worshipped Hepliaklqana.
Hepliaklqana was greatly pleased with you.
You were not hungry.

You visited 2 branches of the dungeon, and saw 13 of its levels.

You collected 582 gold pieces.
You spent 114 gold pieces at shops.

Inventory:

Hand Weapons
 L - a +1 long sword of freezing (weapon)
 S - a +1 short sword of venom
Armour
 l - a +2 pair of boots (worn)
 m - a +0 helmet (worn)
 w - a +0 cloak (worn)
 C - a +0 pair of gloves (worn)
 H - a +2 animal skin (worn)
 M - the +7 Kryia's mail coat {PotionHeal*2 rC+}
   (You found it on level 9 of the Dungeon)

   It protects you from cold.
 R - a +2 robe of cold resistance
Jewellery
 q - a ring of see invisible (right hand)
 s - an amulet of rage (around neck)
 B - the ring "Poraeh" (left hand) {Wiz rPois rF- Str+6 Stlth+}
   (You found it on level 5 of the Dungeon)

   [ring of wizardry]

   It improves your spell success rate.
   It affects your strength (+6).
   It makes you vulnerable to fire.
   It protects you from poison.
   It makes you more stealthy.
 K - an uncursed ring of protection from cold
 Q - an uncursed ring of ice
Wands
 f - a wand of acid (11/15)
 k - a wand of random effects (29/48)
 y - a wand of lightning (7/15)
 I - a wand of flame (24/48)
 J - a wand of iceblast (8/15)
Scrolls
 e - 11 scrolls of identify
 o - a scroll of recharging
 r - 3 scrolls of enchant armour
 t - a scroll of remove curse
 A - a scroll of amnesia
 E - 2 scrolls of magic mapping
 N - a scroll of fog
 P - 2 scrolls of teleportation
Potions
 a - a potion of agility {unknown}
 d - 2 potions of lignification
 h - a potion of resistance
 i - 6 potions of flight
 j - 2 potions of might {unknown}
 n - 3 potions of curing
 u - 2 potions of heal wounds
 F - a potion of berserk rage {unknown}
 G - a potion of ambrosia {unknown}
Books
 b - a book of Callings

   Spells                             Type                      Level
   a - Summon Small Mammal            Summoning                    1
   b - Call Imp                       Summoning                    2
   c - Call Canine Familiar           Summoning                    3
   d - Summon Guardian Golem          Hexes/Summoning              3
   e - Summon Lightning Spire         Summoning/Air                4
   f - Summon Ice Beast               Ice/Summoning                4
 p - a book of Misfortune

   Spells                             Type                      Level
   a - Confusing Touch                Hexes                        1
   b - Confuse                        Hexes                        3
   c - Gell's Gravitas                Translocation                3
   d - Petrify                        Transmutation/Earth          4
   e - Metabolic Englaciation         Hexes/Ice                    5
   f - Yara's Violent Unravelling     Hexes/Transmutation          5
 v - a book of Maledictions

   Spells                             Type                      Level
   a - Corona                         Hexes                        1
   b - Ensorcelled Hibernation        Hexes/Ice                    2
   c - Confuse                        Hexes                        3
   d - Tukima's Dance                 Hexes                        3
   e - Dazzling Spray                 Conjuration/Hexes            3
 x - a book of Battle

   Spells                             Type                      Level
   a - Infusion                       Charms                       1
   b - Shroud of Golubria             Charms/Translocation         2
   c - Song of Slaying                Charms                       2
   d - Spectral Weapon                Hexes/Charms                 3
   e - Regeneration                   Charms/Necromancy            3
 O - a book of Frost

   Spells                             Type                      Level
   a - Freeze                         Ice                          1
   b - Throw Frost                    Conjuration/Ice              2
   c - Ozocubu's Armour               Charms/Ice                   3
   d - Throw Icicle                   Conjuration/Ice              4
   e - Summon Ice Beast               Ice/Summoning                4
Comestibles
 c - 7 bread rations
 g - 7 meat rations
 z - 2 chunks of flesh
 D - 5 royal jellies


   Skills:
 - Level 5.8(5.2) Fighting
 + Level 8.4(7.8) Armour
 - Level 7.6(7.0) Dodging
 - Level 2.4(1.9) Stealth
 - Level 9.6(9.0) Spellcasting
 - Level 10.6(9.9) Summonings


You had 3 spell levels left.
You knew the following spells:

 Your Spells              Type           Power        Failure   Level  Hunger
a - Summon Small Mammal   Summ           ####         1%          1    None
b - Call Imp              Summ           ######..     1%          2    None
c - Call Canine Familiar  Summ           ######..     1%          3    None
d - Summon Guardian Gole  Hex/Summ       ####....     1%          3    None
e - Summon Lightning Spi  Summ/Air       ####....     4%          4    ##.....
f - Summon Ice Beast      Ice/Summ       ####....     4%          4    ##.....
g - Spectral Weapon       Hex/Chrm       ##......     9%          3    None
h - Confusing Touch       Hex            ##....       3%          1    None
i - Metabolic Englaciati  Hex/Ice        ##........   82%         5    ####...


Dungeon Overview and Level Annotations

Branches:
Dungeon (12/15)            Temple (1/1) D:6            Lair (0/6) D:8
    Orc: D:9-12

Altars:
Ashenzari
Cheibriados
Dithmenos
Elyvilon
Fedhas
Gozag
Hepliaklqana
Kikubaaqudgha
Makhleb
Nemelex Xobeh
Okawaru
Qazlal
Ru
Sif Muna
Trog
Uskayaw
Vehumet
Wu Jian
Xom
Yredelemnul
Zin
The Shining One

Shops:
D:6 ?


Message History

The deep elf mage hits you but does no damage.
You barely miss the deep elf mage.
The deep elf mage is moderately wounded.
Your ice beast disappears in a puff of smoke!
The sixfirhy closely misses you.
Culocane III hits the deep elf mage with a flail.
The sixfirhy hits you but does no damage.
The deep elf mage casts a spell.
Your ice beast hits the deep elf mage but does no damage.
Culocane III hits the deep elf mage with a flail!
You hit the deep elf mage. You freeze the deep elf mage.
The deep elf mage is severely wounded.
The sixfirhy closely misses you. The sixfirhy hits you!
The sixfirhy shocks you! The sixfirhy completely misses you.
The sixfirhy closely misses you. The sixfirhy hits you!
The sixfirhy shocks you!
* * * LOW HITPOINT WARNING * * *
The deep elf mage points at you and mumbles some strange words.
The bolt of negative energy hits you!
You feel drained.
You die...

#####.##'###.......###
#..............#
#..............#
#..............#
#......#####...#
####......# #...#
#.........#
#......3..#
#.....@...#
#.....Re8.#
#.....Y.4.....
#.............
#.............
#..#####...... #..
..#### #.. ..# # $.#


You could see the friendly Culocane III the knight, an ice devil, a deep elf
mage, a sixfirhy, a friendly ice beast and a friendly lightning spire.

Vanquished Creatures
  2 hogs (D:11)
  2 sky beasts
  An eye of draining (D:3)
  A howler monkey (D:8)
  A crimson imp (D:9)
  A centaur zombie (D:8)
  A bullfrog skeleton (D:8)
  A bullfrog zombie (D:7)
  3 hounds
  An orc wizard (D:7)
  2 adders
  A howler monkey skeleton (D:6)
  4 leopard geckos
  4 orcs
  2 ball pythons (D:3)
  5 goblins
  A hobgoblin (D:3)
  A jackal (D:4)
  2 quokkas
  4 bats
  4 frilled lizards
  A rat (D:4)
45 creatures vanquished.

Vanquished Creatures (collateral kills)
  Fannar (D:10)
  A hydra (D:11)
  The ghost of quik the Archer, a journeyman CeHu of Wu Jian (D:10)
  2 two-headed ogres (D:10)
  2 unseen horrors (D:11)
  Psyche (D:10)
  2 trolls
  3 hippogriffs
  A vampire (D:9)
  Grum (D:9)
  2 hogs (D:11)
  2 wyverns
  5 wraiths (D:7)
  A human (D:11)
  3 wargs (D:8)
  A water moccasin (D:10)
  A hell hound (D:11)
  5 orc warriors
  A sky beast (D:5)
  2 black bears
  4 ice beasts
  An eye of draining (D:11)
  2 phantoms
  3 ogres
  2 wolves (D:9)
  A necrophage (D:5)
  3 centaurs
  An elf zombie (D:7)
  A big kobold (D:10)
  2 bullfrogs
  A water moccasin skeleton (D:4)
  2 scorpions
  10 killer bees
  13 wights
  5 howler monkeys
  6 crimson imps
  A centaur zombie (D:7)
  A human zombie (D:7)
  A quasit (D:8)
  A bullfrog zombie (D:11)
  4 hounds
  3 jellies
  2 bullfrog skeletons
  11 orc priests
  14 orc wizards
  A centaur skeleton (D:10)
  3 iguanas
  5 worker ants
  A hound zombie (D:8)
  A mummy (D:7)
  A worker ant zombie (D:5)
  Robin (D:2)
  13 adders
  8 gnolls
  4 shadow imps
  2 oozes
  An adder skeleton (D:7)
  3 worms
  2 dart slugs
  5 leopard geckos
  47 orcs
  A giant cockroach (D:4)
  8 goblins
  7 hobgoblins
  6 jackals
  2 quokkas
  2 ball pythons
  A bat (D:1)
  2 frilled lizards
  11 kobolds
  3 rats
274 creatures vanquished.

Vanquished Creatures (others)
  An orc warrior (D:7)
  A centaur (D:5)
  A human skeleton (D:7)
  A knight (D:9)
  4 ancestors
  4 spectral weapons
12 creatures vanquished.

Grand Total: 331 creatures vanquished

Notes
Turn   | Place    | Note
-------+----------+-------------------------------------------
     0 | D:1      | Hybris the Deep Elf Summoner began the quest for the Orb.
     0 | D:1      | Reached XP level 1. HP: 10/10 MP: 6/6
    76 | D:1      | Reached XP level 2. HP: 6/15 MP: 2/8
   623 | D:1      | Learned a level 2 spell: Call Imp
   665 | D:1      | Reached skill level 5 in Summonings
  1661 | D:2      | Found a white marble altar of Elyvilon.
  1824 | D:2      | Reached XP level 3. HP: 19/19 MP: 9/9
  1910 | D:2      | Noticed Robin
  1941 | D:2      | Learned a level 3 spell: Call Canine Familiar
  1957 | D:2      | Killed Robin
  2972 | D:3      | Found a radiant altar of Vehumet.
  2993 | D:3      | Found a glowing golden altar of the Shining One.
  3014 | D:3      | Reached XP level 4. HP: 19/24 MP: 4/10
  3099 | D:3      | Noticed an eye of draining
  3104 | D:3      | Learned a level 3 spell: Summon Guardian Golem
  3106 | D:3      | Found a bloodstained altar of Trog.
  3262 | D:3      | Killed an eye of draining
  3262 | D:3      | Reached skill level 6 in Summonings
  3262 | D:3      | Reached XP level 5. HP: 28/28 MP: 0/11
  4199 | D:4      | Reached skill level 7 in Summonings
  4247 | D:4      | Reached XP level 6. HP: 17/32 MP: 12/12
  4714 | D:4      | Found a shattered altar of Ashenzari.
  4719 | D:4      | Found an ornate altar of the Wu Jian Council.
  4734 | D:4      | Reached skill level 5 in Dodging
  5583 | D:5      | Entered Level 5 of the Dungeon
  5607 | D:5      | Reached skill level 8 in Summonings
  5607 | D:5      | Reached XP level 7. HP: 24/36 MP: 7/13
  6455 | D:5      | Reached skill level 9 in Summonings
  6494 | D:5      | Got a smoking golden ring
  6511 | D:5      | Identified the ring "Poraeh" {Wiz rPois rF- Str+6 Stlth+} (You found it on level 5 of the Dungeon)
  6668 | D:6      | Found a shadowy altar of Dithmenos.
  7036 | D:6      | Found a staircase to the Ecumenical Temple.
  7043 | D:6      | Found a glowing silver altar of Zin.
  7099 | Temple   | Entered the Ecumenical Temple
  7170 | Temple   | Became a worshipper of Hepliaklqana the Forgotten
  7659 | D:6      | Found Ysumooff's Magic Scroll Boutique.
  7667 | D:6      | Bought a scroll of recharging for 114 gold pieces
  7773 | D:7      | Reached XP level 8. HP: 36/36 MP: 1/14
  7920 | D:7      | Noticed a hippogriff
  7928 | D:7      | Killed a hippogriff
  7938 | D:7      | Reached skill level 10 in Summonings
  7981 | D:7      | Reached * piety under Hepliaklqana
  8328 | D:7      | Found a snail-covered altar of Cheibriados.
  8344 | D:7      | Learned a level 4 spell: Summon Lightning Spire
  8719 | D:7      | Reached skill level 1 in Fighting
  8721 | D:7      | Found an ancient bone altar of Kikubaaqudgha.
  8978 | D:7      | Reached skill level 5 in Spellcasting
  8990 | D:7      | Reached XP level 9. HP: 32/44 MP: 3/19
  9188 | D:7      | Found a stormy altar of Qazlal.
  9439 | D:8      | Found a staircase to the Lair.
  9917 | D:8      | Learned a level 4 spell: Summon Ice Beast
  9921 | D:8      | Learned a level 3 spell: Spectral Weapon
  9923 | D:8      | Learned a level 1 spell: Confusing Touch
 10103 | D:8      | Reached ** piety under Hepliaklqana
 10104 | D:8      | Remembered your ancestor Culocane III as a knight
 10984 | D:9      | Reached skill level 5 in Fighting
 11057 | D:9      | Noticed Grum
 11068 | D:9      | Killed Grum
 11431 | D:9      | Reached XP level 10. HP: 42/54 MP: 15/25
 11543 | D:9      | Learned a level 5 spell: Metabolic Englaciation
 11760 | D:9      | Reached *** piety under Hepliaklqana
 11842 | D:10     | Entered Level 10 of the Dungeon
 11976 | D:10     | Reached skill level 1 in Armour
 11989 | D:10     | Noticed quik's ghost (journeyman CeHu)
 12000 | D:10     | Killed quik's ghost
 12135 | D:10     | Noticed a two-headed ogre
 12145 | D:10     | Killed a two-headed ogre
 12343 | D:10     | Noticed Fannar
 12366 | D:10     | HP: 2/54 [Fannar/quarterstaff of freezing (2)]
 12725 | D:10     | Killed Fannar
 12884 | D:10     | Reached skill level 5 in Armour
 13201 | D:10     | Noticed a two-headed ogre
 13205 | D:10     | Killed a two-headed ogre
 13229 | D:10     | Noticed Psyche
 13243 | D:10     | Killed Psyche
 14172 | D:11     | Noticed a four-headed hydra
 14179 | D:11     | Killed a four-headed hydra
 14866 | D:11     | Reached **** piety under Hepliaklqana
 15049 | D:11     | Noticed an unseen horror
 15052 | D:11     | Noticed an unseen horror
 15069 | D:11     | Killed an unseen horror
 15069 | D:11     | Reached XP level 11. HP: 39/57 MP: 9/26
 15084 | D:11     | Killed an unseen horror
 15534 | D:12     | Noticed a deep elf mage
 15540 | D:12     | Noticed a sixfirhy
 15541 | D:12     | Killed from afar by a deep elf mage

Vault maps used:
D:1:      eino_arrival_druids_welcome
D:2:      nicolae_overflow_crystal_walls, uniq_robin
D:3:      old_standard_altar, trog_eyes_of_draining, overflow_temple_1_default,
          first_bread, portal_sewer_entry_c, kennysheep_generic_room_11
D:4:      lemuel_crystal_altar, cheibrodos_ashenzari_chains
D:5:      minivault_26
D:6:      overflow_temple_1_default, temple_pool_b, serial_shops, shop,
          nicolae_dithmenos_through_a_glass_darkly
D:7:      nicolae_qazlal_general_emergency,
          lemuel_mausoleum_altar_kikubaaqudgha, lemuel_crystal_altar
D:8:      erik_lair_orcish_takeover
D:9:      uniq_grum
D:10:     uniq_psyche, uniq_fannar
D:11:     grunt_livestock, minmay_rotating_lava
D:12:     zombieorc2_lemuel, billiards_dpeg
Temple:   nicolae_temple_x_marks_the_god

Skill      XL: |  1  2  3  4  5  6  7  8  9 10 11 |
---------------+----------------------------------+-----
Summonings     | 5 6 7 8 9 10 | 10.6
Dodging        | 3 4 5 6 7 |  7.6
Fighting       | 2 5 |  5.8
Spellcasting   | 5 9 |  9.6
Armour         | 7 8 |  8.4
Stealth        | |  2.4

Action                   |  1- 3 |  4- 6 |  7- 9 | 10-12 || total
-------------------------+-------+-------+-------+-------++-------
Melee: Hand axe          |    35 |       |       |       ||    35
       Dagger            |    14 |   301 |    19 |    20 ||   354
       Short sword       |       |     4 |   120 |       ||   124
       Long sword        |       |       |    13 |    45 ||    58
 Cast: Summon Small Mamm |    34 |     5 |     7 |       ||    46
       Call Imp          |    14 |    11 |    17 |     4 ||    46
       Call Canine Famil |     7 |    17 |    24 |       ||    48
       Summon Guardian G |       |    10 |    10 |     5 ||    25
       Summon Lightning  |       |       |    18 |    35 ||    53
       Summon Ice Beast  |       |       |    22 |    50 ||    72
       Spectral Weapon   |       |       |     4 |     7 ||    11
       Confusing Touch   |       |       |     2 |     5 ||     7
Invok: Ancestor Identity |       |       |     1 |       ||     1
       Ancestor Life: Kn |       |       |     1 |       ||     1
  Use: Scroll            |     4 |       |    13 |     3 ||    20
       Potion            |       |       |       |     2 ||     2
 Stab: Sleeping          |     3 |     3 |    11 |     1 ||    18
       Distracted        |       |     1 |     3 |       ||     4
  Eat: Chunk             |     7 |    10 |    23 |    13 ||    53
       Fruit             |       |     1 |     2 |       ||     3
       Royal jelly       |       |       |       |     1 ||     1
Armor: Robe              |    17 |    70 |    61 |       ||   148
       Animal skin       |       |       |       |    29 ||    29
Dodge: Dodged            |    65 |   154 |   172 |    94 ||   485
       Rpst.: Long sword |       |       |     4 |    15 ||    19
